 Dungeon Crawl Stone Soup version 0.30-a0-57-g8b159a9891 (webtiles) character file.

Game seed: 2874434021567787710

3658 Pierdu the Covert (level 9, 0/42 HPs)
             Began as a Spriggan Enchanter on Sept 11, 2022.
             Was a Follower of Dithmenos.
             Slain by a human
             ... wielding a +0 hand axe
              (12 damage)
             ... on level 7 of the Dungeon.
             The game lasted 00:19:58 (10968 turns).

Pierdu the Covert (Spriggan Enchanter)             Turns: 10968, Time: 00:20:01

Health: 0/42       AC:  3    Str:  8    XL:     9   Next: 88%
Magic:  10/24      EV: 18    Int: 16    God:    Dithmenos [*.....]
Gold:   435        SH:  0    Dex: 16    Spells: 17/28 levels left

rFire   + . .      SeeInvis +    a - +2 dagger
rCold   . . .      Faith    .    (no shield)
rNeg    . . .      Spirit   .    g - +0 robe {rF+}
rPois   +          Reflect  .    (helmet restricted)
rElec   .          Harm     .    v - +0 cloak
rCorr   .          Rampage  .    (gloves unavailable)
Will    +....                    (boots unavailable)
Stlth   ++++++....               (no amulet)
HPRegen 0.14/turn                h - ring of poison resistance
MPRegen 0.19/turn                (no ring)

@: wreathed by umbra, very quick
A: very small, no large weapons, unfitting armour, see invisible, speed 3
a: Renounce Religion


You were on level 7 of the Dungeon.
You worshipped Dithmenos.
Dithmenos was aware of your devotion.
You visited 2 branches of the dungeon, and saw 8 of its levels.
You also visited: Ossuary.

You collected 435 gold pieces.

Inventory:

Hand Weapons
 a - a +2 dagger (weapon)
Missiles
 t - a throwing net (quivered)
 B - a curare-tipped dart
Armour
 g - a +0 robe of fire resistance (worn)
 v - a +0 cloak (worn)
 A - a -2 hat
Jewellery
 h - a ring of poison resistance (left hand)
Wands
 f - a wand of polymorph (9)
 j - a wand of digging (4)
 p - a wand of acid (19)
 r - a wand of iceblast (10)
Scrolls
 k - 5 scrolls of teleportation
 s - 2 scrolls of amnesia
 x - 3 scrolls of magic mapping
 y - a scroll of vulnerability
Potions
 b - a potion of flight {unknown}
 c - 3 potions of invisibility
 d - a potion of cancellation
 e - 4 potions of haste
 i - 9 potions of curing
 l - 2 potions of berserk rage
 m - 3 potions of lignification {unknown}
 n - 3 potions of attraction {unknown}
 o - a potion of might {unknown}
 q - 8 potions of heal wounds
 u - 2 potions of mutation {unknown}
 w - a potion of brilliance
 z - 2 potions of magic {unknown}


   Skills:
 + Level 1.6 Fighting
 + Level 2.6 Short Blades
 + Level 4.1 Dodging
 + Level 12.0 Stealth
 + Level 10.1 Spellcasting
 + Level 10.4 Hexes


You had 17 spell levels left.
You knew the following spells:

 Your Spells              Type           Power      Damage    Failure   Level
a - Ensorcelled Hibernat  Hex/Ice        48%        N/A       1%          2
b - Tukima's Dance        Hex            41%        N/A       1%          3
c - Dazzling Flash        Conj/Hex       48%        N/A       3%          3
d - Confusing Touch       Hex            41%        N/A       1%          3

Your spell library contained the following spells:

 Spells                   Type           Power      Damage    Failure   Level
 Magic Dart               Conj           32%        1d4       9%          1
 Fulminant Prism          Conj/Hex       12%        3d9       11%         4
 Searing Ray              Conj           16%        2d5       14%         2
 Sublimation of Blood     Necr           8%         N/A       14%         2
 Wereblood                Tmut           8%         N/A       14%         2
 Conjure Flame            Conj/Fire      8%         6-21      26%         3
 Ignite Poison            Fire/Tmut/Pois 8%         N/A       26%         3
 Sticky Flame             Conj/Fire      8%         2d3       65%         4
 Summon Hydra             Summ           4%         N/A       100%        7


Dungeon Overview and Level Annotations

Branches:
Dungeon (7/15)             Temple (1/1) D:6         Ossuary (visited)

Altars:
Dithmenos
Elyvilon
Fedhas
Gozag
Kikubaaqudgha
Makhleb
Nemelex Xobeh
Okawaru
Qazlal
Sif Muna
Trog
Uskayaw
Wu Jian
Yredelemnul
Zin
The Shining One

Shops:
D:4 [

Annotations:
D:3 1 runed translucent door, niknal's ghost, amateur GrFi


Innate Abilities, Weirdness & Mutations

You are very small and have problems with some larger weapons.
You are too small for most types of armour.
You have supernaturally acute eyesight. (SInv)
You cover ground extremely quickly. (Speed+++)


Message History

Confirm with . or Enter, or press ? or * to list all spells.
Aiming: Ensorcelled Hibernation (safe; 1% risk of failure)
Press: ? - help, Shift-Dir - straight line, f/p - hog
Aim: a hog (umbra, chance to affect: 55%)
The hog resists with significant effort.
The hog barely misses you. The human hits you with a +0 hand axe!
* * * LOW HITPOINT WARNING * * *
Casting: Ensorcelled Hibernation (safe; 1% risk of failure)
Confirm with . or Enter, or press ? or * to list all spells.
Aiming: Ensorcelled Hibernation (safe; 1% risk of failure)
Press: ? - help, Shift-Dir - straight line, f/p - hog
Aim: a hog (umbra, chance to affect: 55%)
The hog resists with significant effort.
The hog bites you.
* * * LOW HITPOINT WARNING * * *
The human completely misses you.
Unknown command.
Unknown command.
There is an open door here.
You close the door.
You start resting.
A human opens the door.
It is wielding a +0 hand axe.
Casting: Ensorcelled Hibernation (safe; 1% risk of failure)
Confirm with . or Enter, or press ? or * to list all spells.
Aiming: Ensorcelled Hibernation (safe; 1% risk of failure)
Press: ? - help, Shift-Dir - straight line, f/p - hog
Aim: a hog (umbra, chance to affect: 55%)
The hog looks drowsy...
The helpless hog fails to defend itself.
You spit the hog like the proverbial pig!!!
You kill the hog!
Dithmenos accepts your kill.
Casting: Ensorcelled Hibernation (safe; 1% risk of failure)
Confirm with . or Enter, or press ? or * to list all spells.
Aiming: Ensorcelled Hibernation (safe; 1% risk of failure)
Press: ? - help, Shift-Dir - straight line, f - human
Aim: a human, wielding a +0 hand axe and wearing a +0 animal skin (umbra, chance to affect: 55%)
The human resists with significant effort.
The human hits you with a +0 hand axe!
You die...

.......##....................#...
...<....##.......................
........##..................#..##
..#.....#.)......#######....##...
..#....##........#.....#.........
.......##...#....#.....#......###
............#....###†###...#..#
.................#.....#...#.##
..##............@p.....#.....#
.###.............#######.....# ##
#............## #....#....#
#........#...... ###..#....#
#.......####..#. ##...†..#
#.......# #..# ####...# ... #..##
#... ####


You could see a human.

Vanquished Creatures
  A troll (D:7)
  4 hogs (D:7)
  A wyvern (D:5)
  3 water moccasins
  An orc warrior (D:6)
  An ice beast (D:7)
  A black bear (D:5)
  A sky beast (D:7)
  2 ogres
  3 centaurs
  2 phantoms
  2 kobold brigands
  Blork the orc (D:6)
  A necrophage (D:5)
  2 bullfrogs
  4 water moccasin zombies (Ossuary)
  5 jellies
  3 hounds (D:5)
  Ijyb (D:4)
  2 orc wizards (D:6)
  2 iguanas
  Natasha (thrice) (D:3)
  2 mummies (Ossuary)
  3 gnolls
  6 adders
  3 white imps
  3 adder zombies (Ossuary)
  3 dart slugs (D:3)
  10 orcs
  12 endoplasms
  2 giant cockroaches
  2 gnoll zombies (Ossuary)
  6 goblins
  7 hobgoblins
  7 jackals
  11 kobolds
  A quokka (D:3)
  5 ball pythons
  4 bats (D:1)
  3 frilled lizards (D:1)
  6 hobgoblin zombies (Ossuary)
  6 kobold zombies (Ossuary)
  7 rats
155 creatures vanquished.

Vanquished Creatures (collateral kills)
  Edmund (D:5)
  A water moccasin zombie (Ossuary)
  Crazy Yiuf (D:5)
  2 gnolls (D:4)
  An orc (D:6)
  2 hobgoblin zombies (Ossuary)
8 creatures vanquished.

Vanquished Creatures (others)
  7 plants (D:5)
  2 withered plants (D:3)
9 creatures vanquished.

Grand Total: 172 creatures vanquished

Notes
Turn   | Place    | Note
-------+----------+-------------------------------------------
     0 | D:1      | Pierdu the Spriggan Enchanter began the quest for the Orb.
     0 | D:1      | Reached XP level 1. HP: 9/9 MP: 5/5
     7 | D:1      | Found a faded altar of an unknown god.
   267 | D:1      | Reached XP level 2. HP: 12/13 MP: 7/7
   275 | D:1      | Learned a level 2 spell: Ensorcelled Hibernation
  1316 | D:1      | Reached XP level 3. HP: 16/16 MP: 3/9
  1323 | D:1      | Learned a level 3 spell: Tukima's Dance
  1327 | D:1      | Learned a level 3 spell: Confusing Touch
  2979 | D:3      | Reached skill level 5 in Hexes
  2979 | D:3      | Reached XP level 4. HP: 21/21 MP: 1/11
  3065 | D:3      | Learned a level 3 spell: Dazzling Flash
  3094 | D:3      | Found a runed translucent door.
  3098 | D:3      | Noticed niknal's ghost (amateur GrFi)
  3118 | D:3      | Noticed Natasha
  3199 | D:3      | Killed Natasha
  3563 | D:3      | Noticed Natasha
  3569 | D:3      | Killed Natasha
  3570 | D:3      | Reached XP level 5. HP: 10/24 MP: 10/13
  3761 | D:3      | Found an iron altar of Okawaru.
  3767 | D:3      | Found an opulent altar of Gozag.
  3767 | D:3      | Found a shimmering blue altar of Sif Muna.
  3769 | D:3      | Found a burning altar of Makhleb.
  4086 | D:3      | Found an ornate altar of the Wu Jian Council.
  4090 | D:3      | Reached skill level 5 in Spellcasting
  4130 | D:3      | Noticed Natasha
  4149 | D:3      | Killed Natasha
  4300 | D:4      | Reached skill level 5 in Stealth
  4525 | D:5      | Entered Level 5 of the Dungeon
  4536 | D:5      | Reached XP level 6. HP: 18/28 MP: 2/15
  4744 | D:5      | Found a glowing golden altar of the Shining One.
  4864 | D:5      | Noticed Edmund
  4878 | D:5      | Reached skill level 6 in Stealth
  4883 | D:5      | Killed Edmund
  4887 | D:5      | Noticed a wyvern
  5241 | D:5      | Reached XP level 7. HP: 22/32 MP: 12/17
  5559 | D:5      | Reached skill level 7 in Stealth
  6382 | D:4      | Found Tyuxzaw's Armour Boutique.
  6638 | D:4      | Noticed Ijyb
  6652 | D:4      | Killed Ijyb
  6802 | D:4      | Reached skill level 8 in Stealth
  7162 | D:5      | Found a runed translucent door.
  7163 | D:5      | Noticed Crazy Yiuf
  7169 | D:5      | Killed Crazy Yiuf
  7244 | D:5      | Killed a wyvern
  7245 | D:5      | Reached XP level 8. HP: 36/36 MP: 15/20
  7542 | D:6      | Noticed Blork the orc
  7542 | D:6      | Found an ancient bone altar of Kikubaaqudgha.
  7552 | D:6      | Killed Blork the orc
  7553 | D:6      | Reached skill level 9 in Stealth
  7606 | D:6      | Found a staircase to the Ecumenical Temple.
  7618 | Temple   | Entered the Ecumenical Temple
  7766 | Temple   | Became a worshipper of Dithmenos the Shadowed
  8180 | D:6      | Reached skill level 10 in Stealth
  8483 | D:6      | Found a bloodstained altar of Trog.
  8516 | D:6      | Reached XP level 9. HP: 13/39 MP: 17/22
  9513 | D:7      | Noticed a troll
  9741 | D:7      | Found the +18 Lear's hauberk
  9761 | D:7      | Found a sand-covered staircase.
  9768 | Ossuary  | Entered an ossuary
  9807 | Ossuary  | Reached * piety under Dithmenos
  9808 | Ossuary  | Reached skill level 11 in Stealth
 10651 | D:7      | Reached skill level 10 in Hexes
 10774 | D:7      | Killed a troll
 10923 | D:7      | Reached skill level 1 in Fighting
 10956 | D:7      | Reached skill level 10 in Spellcasting
 10958 | D:7      | Reached skill level 12 in Stealth
 10968 | D:7      | Slain by a human

Illustrated notes

Levels and vault maps discovered:
D:1:      minmay_arrival_four_circles, layout_loops_ring,
          ebering_ecumenical_altar_sacrificial,
          nicolae_concentric_dashed_squares_wild, minmay_misc_feat_tower,
          minmay_hexomino_u4
D:2:      layout_loops_ring
D:3:      layout_loops_ring, minitemple, nicolae_wu_jian_immortal_techniques,
          gammafunk_ghost_grave, uniq_natasha
D:4:      layout_basic, serial_shops, shop, uniq_ijyb
D:5:      layout_loops_cross, old_standard_altar, grunt_decor_arrowhead,
          nicolae_zen_rock_garden, uniq_edmund, uniq_crazy_yiuf_cottage
D:6:      layout_basic, lemuel_crystal_altar, kiku_gazebo_garden_becter,
          minmay_temple_entry_sparse_star, minmay_crystal_room,
          mrwooster_statue_mirror, uniq_blork_the_orc
D:7:      layout_cave_pools, enter_ossuary_3, grunt_livestock,
          hellmonk_guarded_unrand_lears
Temple:   hellmonk_temple_forest_ring

Skill      XL: |  1  2  3  4  5  6  7  8  9 |
---------------+----------------------------+-----
Spellcasting   | 3 4 5 6 7 8 10 | 10.1
Hexes          | 4 5 6 7 9 10 | 10.4
Stealth        | 5 6 8 10 12 | 12.0
Dodging        | 4 |  4.1
Fighting       | 1 |  1.6
Short Blades   | 2 |  2.6

Action                   |  1- 3 |  4- 6 |  7- 9 || total
-------------------------+-------+-------+-------++-------
Melee: Dagger            |   187 |    96 |   249 ||   532
       Punch             |     2 |     1 |     4 ||     7
 Cast: Ensorcelled Hiber |    20 |    30 |    48 ||    98
       Confusing Touch   |     1 |     4 |    13 ||    18
       Tukima's Dance    |       |     5 |    12 ||    17
  Use: Potion            |     3 |     1 |     1 ||     5
       Scroll            |     3 |     6 |     6 ||    15
 Stab: Sleeping          |    15 |    16 |    41 ||    72
       Confused          |       |     3 |    16 ||    19
Armor: Robe              |    19 |     8 |    19 ||    46
Dodge: Dodged            |   164 |    73 |   182 ||   419

Table legend: (Time is in decaauts)
 A = Elapsed time spent in this place.
 B = Non-inter-level travel time spent in this place.
 C = Inter-level travel time spent in this place.
 D = Time resting spent in this place.
 E = Time spent auto-exploring this place.
 F = Levels seen in this place.
 G = Mean time per level.
                   A        B        C        D        E       F      G
               +--------+--------+--------+--------+--------+-----+--------+
         Total |   8804 |   8704 |    100 |   1125 |   6025 |   9 |  978.2 |
       Dungeon |   8037 |   7946 |     91 |    867 |   5724 |   7 | 1148.1 |
        Temple |    139 |    130 |      9 |      0 |    117 |   1 |  139.0 |
       Ossuary |    628 |    628 |      0 |    258 |    182 |   1 |  628.0 |
               +--------+--------+--------+--------+--------+-----+--------+

Top non-repeatable levels by time:
     D:6: 1609 daAuts
     D:5: 1531 daAuts
     D:3: 1258 daAuts
     D:1: 1216 daAuts
     D:2: 1085 daAuts
     D:4: 917 daAuts
 Ossuary: 628 daAuts
     D:7: 418 daAuts
  Temple: 139 daAuts
